 Dungeon Crawl Stone Soup version 0.25-a0-890-g62861fb195 (webtiles) character file.

Game seed: 12026915006659094728, levelgen mode: classic

20 EnegeticOcto the Shield-Bearer (level 2, 0/21 HPs)
             Began as an Octopode Fighter on May 2, 2020.
             Slain by a gnoll (2 damage)
             ... on level 2 of the Dungeon.
             The game lasted 00:00:17 (1246 turns).

EnegeticOcto the Shield-Bearer (Octopode Fighter)   Turns: 1246, Time: 00:00:17

Health: 0/21       AC:  1    Str: 15    XL:     2   Next: 79%
Magic:  2/2        EV: 11    Int: 10    God:
Gold:   50         SH:  8    Dex: 11    Spells: 1/1 levels left

rFire    . . .     SeeInvis .   a - +0 long sword
rCold    . . .     Gourm    .   b - +0 kite shield
rNeg     . . .     Faith    .   (helmet restricted)
rPois    .         Spirit   .   (no amulet)
rElec    .         Reflect  .   (no ring)
rCorr    .         Harm     .   (no ring)
MR       .....                  (no ring)
Stlth    ++........             (no ring)
HPRegen  0.07/turn              (no ring)
MPRegen  0.08/turn              (no ring)
                                (no ring)
                                (no ring)

@: no status effects
A: almost no armour, stealthy swim, amphibious, 8 rings, constrict 8, camouflage
1, gelatinous body 1
a: no special abilities


You were on level 2 of the Dungeon.
You were not hungry.

You visited 1 branch of the dungeon, and saw 2 of its levels.

You collected 50 gold pieces.

Inventory:

Hand Weapons
 a - a +0 long sword (weapon)
Armour
 b - a +0 kite shield (worn)
Potions
 c - a potion of stabbing {unknown}
 k - a potion of might {@q3}
Comestibles
 e - a ration


   Skills:
 + Level 3.2 Fighting
 * Level 2.7 Long Blades
 - Level 3.0 Dodging
 + Level 3.2 Shields


You had one spell level left.
You didn't know any spells.
Your spell library was empty.

Dungeon Overview and Level Annotations

Branches:
Dungeon (2/15)

Altars:


Innate Abilities, Weirdness & Mutations

You cannot wear most types of armour.
You are very stealthy in the water. (Stealth+)
You are amphibious.
You can wear up to eight rings at the same time.
You can use your tentacles to constrict eight enemies at once.
Your skin changes colour to match your surroundings (Stealth+).
Your rubbery body absorbs attacks. (AC +1, EV +1)


Message History

You kill the goblin!
The kobold throws a stone.
The stone misses you.
You see here a goblin corpse.
The goblin hits you.
You hit the goblin. You grab the goblin. You squeeze the goblin.
The goblin is heavily wounded.
You constrict the goblin.
You kill the goblin!
You block the kobold's attack.
You see here a goblin corpse.
You slash the kobold!
You kill the kobold!
No target in view!
No target in view!
You butcher the goblin corpse.
d - 3 chunks of flesh (gained 1)
You see here a goblin skeleton. x2
Some of the chunks of flesh in your inventory have rotted away.
You now have 50 gold pieces (gained 12).
Eating one of 2 chunks of flesh.
You eat one of the 2 chunks of flesh.
This raw flesh tastes terrible.
You see here a stone.
All of the chunks of flesh in your inventory have rotted away.
There is an open door here.
Done exploring.
Done exploring.
Done exploring.
Done exploring.
Done exploring.
Done exploring.
Done exploring.
Done exploring.
No target in view!
No target in view!
No target in view!
No target in view!
No target in view!
No target in view!
No target in view!
No target in view!
No target in view!
No target in view!
Done exploring.
Done exploring.
Done exploring.
Done exploring.
Done exploring.
(D) Dungeon
Where to? (? - help)
There is a stone staircase leading down here.
You climb downwards. 3 gnolls and 2 kobolds come into view.
The gnoll shouts!
The kobold shouts!
Found four items.
Found an escape hatch in the floor.
Found two stone staircases leading down.
There is a stone staircase leading up here.
There are monsters nearby!
There are monsters nearby!
There are monsters nearby!
There are monsters nearby!
The gnoll hits you with a +0 halberd!
You closely miss the gnoll. Your grab misses the gnoll.
Your squeeze misses the gnoll. The gnoll barely misses you.
You block the gnoll's attack.
You hit the gnoll. You grab the gnoll. You squeeze the gnoll.
The gnoll is lightly wounded.
You constrict the gnoll. The kobold barely misses you.
You block the gnoll's attack.
You completely miss the gnoll.
The gnoll is moderately wounded.
You constrict the gnoll. You block the kobold's attack.
You block the gnoll's attack. x2; The gnoll hits you!
* * * LOW HITPOINT WARNING * * *
The kobold misses you.
You are too injured to fight recklessly!
You are too injured to fight recklessly!
You are too injured to fight recklessly!
You are too injured to fight recklessly!
You are too injured to fight recklessly!
You are too injured to fight recklessly!
You are too injured to fight recklessly!
You are too injured to fight recklessly!
You are too injured to fight recklessly!
You are too injured to fight recklessly!
You are too injured to fight recklessly!
You are too injured to fight recklessly!
You are too injured to fight recklessly!
You are too injured to fight recklessly!
You are too injured to fight recklessly!
You are too injured to fight recklessly!
You are too injured to fight recklessly!
You are too injured to fight recklessly!
You are too injured to fight recklessly!
You hit the gnoll.
You squeeze the gnoll, but do no damage.
The gnoll is severely wounded.
You constrict the gnoll. The gnoll hits you with a +0 halberd.
* * * LOW HITPOINT WARNING * * *
The gnoll hits you.
You die...

####>###?.#.. #
#.....#..###.
#.##.#.#.#...#.
.............!
#....#.#....#
#....K....#
#...ggg...#
#...K@<(..#
#.............
#.........##.#
#>...........
#........###.#
#.....>..#)#.#
##.##.##.###.#
.. ... .....#


You could see 3 gnolls and 2 kobolds.

Vanquished Creatures
  A dart slug (D:1)
  2 bats (D:1)
  2 goblins (D:1)
  5 hobgoblins (D:1)
  2 kobolds (D:1)
  A ball python (D:1)
  A frilled lizard (D:1)
  3 rats (D:1)
17 creatures vanquished.

Notes
Turn   | Place    | Note
-------+----------+-------------------------------------------
     0 | D:1      | EnegeticOcto the Octopode Fighter began the quest for the
                  | Orb.
     0 | D:1      | Reached XP level 1. HP: 16/16 MP: 1/1
   423 | D:1      | Reached XP level 2. HP: 10/21 MP: 2/2
  1246 | D:2      | Slain by a gnoll

Levels and vault maps discovered:
D:1:      nicolae_arrival_washed_ashore, layout_basic
D:2:      layout_loops_ring, elyvilon_altar_3, first_ration, serial_glass,
          glass_columns_a, glass_columns_a, item_on_display_a,
          item_on_display_a, minmay_strange_pillars, uniq_terence, uniq_jessica

Action                   || total
-------------------------++-------
Melee: Long sword        ||    29
       Constrict         ||    10
       Tentacles         ||     7
 Stab: Sleeping          ||     4
  Eat: Chunk             ||     1
Armor: Skin              ||     1
Dodge: Dodged            ||    14
Block: Kite shield       ||    13
       Rpst.: Long sword ||     2

Table legend:
 A = Non-vault XP
 B = Vault XP
 C = Vault XP percentage of total XP
 D = Non-vault monster count
 E = Vault monster count
 F = Vault count percentage of total count
                 A         B        C        D         E       F
            +---------+---------+-------+---------+---------+-------
      Total |      29 |       0 |   0.0 |      17 |       0 |   0.0
            +---------+---------+-------+---------+---------+-------
        D:1 |      29 |       0 |   0.0 |      17 |       0 |   0.0
            +---------+---------+-------+---------+---------+-------
